 Dungeon Crawl Stone Soup version bcrawl-1.40.3b (webtiles) character file.

Game seed: 4098246539006886162

119755 Finalfun the Sneak (level 4, -12/34 HPs)
             Began as a Gnoll Archaeologist on Mar 22, 2024.
             Mangled by an ogre
             ... wielding a +0 giant club
              (17 damage)
             ... on level 3 of the Dungeon.
             The game lasted 00:03:11 (2327 turns).

Finalfun the Sneak (Gnoll Archaeologist)            Turns: 2327, Time: 00:03:12

Health: -12/34     AC:  6    Str: 14    XL:     4   Next: 71%
Magic:  5/5        EV: 15    Int: 17    God:
Gold:   126        SH:  0    Dex: 13    Spells: 5/5 levels left

rFire    . . .     GDR:     26% j - +2 halberd (holy)
rCold    . . .     SeeInvis .   (shield currently unavailable)
rNeg     . . .     Gourm    .   c - +1 robe
rPois    .         Faith    .   d - +1 hat
rElec    .         Spirit   .   (no cloak)
rCorr    .         Reflect  .   (no gloves)
MR       .....                  l - +1 pair of boots
Stlth    +++.......             (no amulet)
HPRegen  0.15/turn              (no ring)
MPRegen  0.09/turn              (no ring)

@: no status effects
A: distributed training, fangs 1, strong nose
a: no special abilities


You were on level 3 of the Dungeon.
You were hungry.

You visited 1 branch of the dungeon, and saw 3 of its levels.

You collected 126 gold pieces.

Inventory:

Hand Weapons
 b - a +0 blowgun
 j - a +2 halberd of holy wrath (weapon)
Missiles
 f - 6 curare-tipped needles
 k - 485 arrows
 n - 455 stones (quivered)
Armour
 c - a +1 robe (worn)
 d - a +1 hat (worn)
 l - a +1 pair of boots (worn)
 o - a +0 pair of gloves
 s - a +0 pair of gloves
Scrolls
 g - a scroll of revelation
 p - a scroll of fog {unknown}
 q - 2 scrolls of teleportation
 r - a scroll of remove curse {unknown}
Potions
 a - a potion of heal wounds
 i - 2 potions of curing {unknown}
 m - a potion of ambrosia
 t - a potion of flight {unknown}
 u - a potion of lignification
Miscellaneous
 h - a dusty tome
Comestibles
 e - 2 rations {!d}


   Skills:
 + Level 2.8 Fighting
 + Level 1.2 Short Blades
 + Level 1.2 Long Blades
 + Level 1.2 Axes
 + Level 2.8 Maces & Flails
 + Level 1.2 Polearms
 + Level 1.2 Staves
 + Level 1.2 Slings
 + Level 1.2 Bows
 + Level 1.2 Crossbows
 + Level 1.2 Throwing
 + Level 1.2 Armour
 + Level 6.6 Dodging
 + Level 6.6 Stealth
 + Level 1.2 Shields
 + Level 1.2 Unarmed Combat
 + Level 1.2 Spellcasting
 + Level 1.0 Conjurations
 + Level 1.0 Hexes
 + Level 1.0 Charms
 + Level 1.0 Summonings
 + Level 1.0 Necromancy
 + Level 1.0 Translocations
 + Level 1.0 Transmutations
 + Level 1.0 Fire Magic
 + Level 1.0 Ice Magic
 + Level 1.0 Air Magic
 + Level 1.0 Earth Magic
 + Level 1.0 Poison Magic
 + Level 1.3 Invocations
 + Level 1.2 Evocations


You had 5 spell levels left.
You didn't know any spells.
Your spell library was empty.

Dungeon Overview and Level Annotations

Branches:
Dungeon (3/12)

Altars:


Innate Abilities, Weirdness & Mutations

Your experience applies equally to all skills.
You have very sharp teeth.
Your uncanny sense of smell can sniff out nearby items.


Message History

Press: ? - help, Dir - move target cursor, f/p - ogre
Aim: an ogre, wielding a +0 giant club You reach to attack!
You hit the ogre.
The ogre is lightly wounded.
An adder comes into view.
The adder hisses angrily.
You hit the ogre.
The ogre is moderately wounded.
The ogre hits you with a +0 giant club!
You barely miss the ogre.
The ogre is moderately wounded.
The ogre misses you.
You hit the ogre but do no damage. You bite the ogre, but do no damage.
The ogre is moderately wounded.
The ogre hits you with a +0 giant club!!
Ouch! That really hurt!
* * * LOW HITPOINT WARNING * * *
The ogre hits you with a +0 giant club!
Ouch! That really hurt!
You die...

#####...## #........#
########### #.###....#
...<......# #.# ##.#.##
#########.# #.# #....##
#.###.# ##.....#.. .
#.....# #.....<....
∆....#########.....#..#.
...........O@##...# ...
....#####.h...#...# #. .
#S####.##.# /........#
## .# ..#.###..# .. #..#
## #..# ##.# .#


You could see an ogre, an adder and a jackal.

Vanquished Creatures
  An adder (D:2)
  4 gnolls
  2 worms
  2 leopard geckos (D:2)
  A ball python (D:2)
  2 bats
  5 giant cockroaches
  4 goblins
  6 hobgoblins
  A quokka (D:2)
  5 frilled lizards
  5 kobolds
  2 rats (D:1)
40 creatures vanquished.

Notes
Turn   | Place    | Note
-------+----------+-------------------------------------------
     0 | D:1      | Finalfun the Gnoll Archaeologist began the quest for the
                  | Orb.
     0 | D:1      | Reached XP level 1. HP: 17/17 MP: 1/1
   258 | D:1      | Reached XP level 2. HP: 23/23 MP: 2/2
  1099 | D:2      | Reached XP level 3. HP: 28/28 MP: 3/3
  1367 | D:2      | Reached skill level 1 in Invocations
  1467 | D:2      | Reached skill level 1 in Short Blades
  1467 | D:2      | Reached skill level 1 in Long Blades
  1467 | D:2      | Reached skill level 1 in Axes
  1467 | D:2      | Reached skill level 1 in Polearms
  1467 | D:2      | Reached skill level 1 in Staves
  1467 | D:2      | Reached skill level 1 in Slings
  1467 | D:2      | Reached skill level 1 in Bows
  1467 | D:2      | Reached skill level 1 in Crossbows
  1467 | D:2      | Reached skill level 1 in Throwing
  1467 | D:2      | Reached skill level 1 in Armour
  1467 | D:2      | Reached skill level 1 in Shields
  1467 | D:2      | Reached skill level 1 in Unarmed Combat
  1467 | D:2      | Reached skill level 1 in Spellcasting
  1467 | D:2      | Reached skill level 1 in Evocations
  1467 | D:2      | Reached XP level 4. HP: 13/34 MP: 5/5
  1551 | D:2      | Found a faded altar of an unknown god.
  2198 | D:2      | Reached skill level 1 in Conjurations
  2198 | D:2      | Reached skill level 1 in Hexes
  2198 | D:2      | Reached skill level 1 in Charms
  2198 | D:2      | Reached skill level 1 in Summonings
  2198 | D:2      | Reached skill level 1 in Necromancy
  2198 | D:2      | Reached skill level 1 in Translocations
  2198 | D:2      | Reached skill level 1 in Transmutations
  2198 | D:2      | Reached skill level 1 in Fire Magic
  2198 | D:2      | Reached skill level 1 in Ice Magic
  2198 | D:2      | Reached skill level 1 in Air Magic
  2198 | D:2      | Reached skill level 1 in Earth Magic
  2198 | D:2      | Reached skill level 1 in Poison Magic
  2319 | D:3      | Noticed an ogre
  2327 | D:3      | Mangled by an ogre

Skill      XL: |  1  2  3  4 |
---------------+-------------+-----
Invocations    | 1 |  1.3
Short Blades   | 1 |  1.2
Long Blades    | 1 |  1.2
Axes           | 1 |  1.2
Polearms       | 1 |  1.2
Staves         | 1 |  1.2
Slings         | 1 |  1.2
Bows           | 1 |  1.2
Crossbows      | 1 |  1.2
Throwing       | 1 |  1.2
Armour         | 1 |  1.2
Shields        | 1 |  1.2
Unarmed Combat | 1 |  1.2
Spellcasting   | 1 |  1.2
Evocations     | 1 |  1.2
Conjurations   | 1 |  1.0
Hexes          | 1 |  1.0
Charms         | 1 |  1.0
Summonings     | 1 |  1.0
Necromancy     | 1 |  1.0
Translocations | 1 |  1.0
Transmutations | 1 |  1.0
Fire Magic     | 1 |  1.0
Ice Magic      | 1 |  1.0
Air Magic      | 1 |  1.0
Earth Magic    | 1 |  1.0
Poison Magic   | 1 |  1.0
Fighting       | |  2.8
Maces & Flails | |  2.8
Dodging        | |  6.6
Stealth        | |  6.6

Action                   |  1- 3 |  4- 6 || total
-------------------------+-------+-------++-------
Melee: Whip              |   104 |       ||   104
       Bite              |    15 |     2 ||    17
       Punch             |     1 |       ||     1
       Halberd           |       |    29 ||    29
Throw: Stone             |       |     1 ||     1
  Use: Scroll            |     4 |     1 ||     5
       Potion            |     1 |       ||     1
 Stab: Sleeping          |    11 |     6 ||    17
  Eat: Chunk             |     4 |     3 ||     7
Armor: Robe              |    11 |     3 ||    14
Dodge: Dodged            |    84 |    10 ||    94
